AoeStats
← FC_M@sTer

Oasis

509795989Analyzed
3v3 RM · 5d ago on Sep 28, 2026· 24m 17s· 6 players
Game mode
Random Map
Map size
Normal (6 player)
Population
200
Speed
Normal
Resources
Standard
Victory
Conquest
Starting age
Dark Age
Ending age
Imperial Age
RankedLock teamsTeams togetherTeam positionsShared explorationLock speedFull tech treeHidden civsTurbo modeCheats
Victory
Defeat
🇨🇴 Ethiopians · Colombia
1376
+10
1191
+17
🇨🇴 Lithuanians · Colombia
1025
+24
1302
-20
🇨🇱 Malay · Chile
1210
-17
🇨🇱 Saracens · Chile
1147
-14
FC_M@sTer
7:13 Loom
10:11 Feudal Age
10:38 Double-Bit Axe
16:10 Town Watch
19:14 Castle Age
17:17 Fletching
18:51 Padded Archer Armor
18:43 Horse Collar
19:33 Crossbowman
20:24 Bodkin Arrow
FC_Satuplese
5:32 Loom
12:15 Feudal Age
13:08 Double-Bit Axe
16:09 Town Watch
22:24 Castle Age
20:55 Horse Collar
21:07 Gold Mining
21:22 Scale Mail Armor
21:12 Fletching
23:49 Thumb Ring
25:05 Wheelbarrow
FC_Proyecto_El_Conquistador_X
5:49 Loom
9:03 Feudal Age
10:10 Double-Bit Axe
10:14 Horse Collar
20:03 Castle Age
18:44 Scale Barding Armor
19:48 Wheelbarrow
19:27 Gold Mining
20:03 Bloodlines
20:57 Forging
21:12 Bow Saw
21:49 Husbandry
[WWW-KT]YagaRetso_CL
1:22 Loom
13:21 Feudal Age
14:07 Double-Bit Axe
14:03 Horse Collar
15:27 Fletching
19:10 Padded Archer Armor
22:11 Wheelbarrow
[WWW]Fo
7:30 Loom
13:28 Feudal Age
13:05 Double-Bit Axe
13:14 Gold Mining
18:11 Castle Age
16:26 Horse Collar
17:22 Scale Barding Armor
20:59 Forging
22:09 Heavy Plow
[WWW - KT] Er MaRdiTho!
3:38 Double-Bit Axe
7:51 Loom
10:15 Feudal Age
11:16 Bow Saw
10:51 Horse Collar
11:57 Heavy Plow
21:44 Castle Age
19:43 Gold Mining
22:00 Scale Barding Armor
22:05 Forging
21:49 Cavalier
22:29 Husbandry
Connection lost

Rejoining the realm…

Still unreachable

The connection could not be restored.

Session expired

The server has moved on; the page needs a fresh start.